 Seeded DCSS version 0.30.0-17-ge0270778cf (webtiles) character file.

Game seed: 1882581695637917331 (custom seed)

90 RascalDebosk the Magician (level 4, -7/31 HPs)
             Began as a Djinni Conjurer on May 21, 2023.
             Killed by miscasting Fulminant Prism (9 damage)
             ... on level 3 of the Dungeon.
             The game lasted 00:08:06 (2050 turns).

RascalDebosk the Magician (Djinni Conjurer)         Turns: 2050, Time: 00:08:06

Health: -7/31      AC:  5    Str:  6    XL:     4   Next: 85%
Gold:   100        EV: 12    Int: 21    God:
                   SH:  0    Dex: 12

rFire   + + .        h - +0 dagger (speed)
rCold   x . .        (no shield)
rNeg    . . .        a - +0 robe
rPois   ∞            (no helmet)
rElec   .            (no cloak)
rCorr   .            o - +2 pair of gloves
SInv    .            (boots unavailable)
Will    .....        (no amulet)
Stlth   ++           (no ring)
HPRegen 0.25/turn    (no ring)
MPRegen 0.00/turn

%: infuse magic (-8 HP)
@: flying, very slightly contaminated
A: sickness immunity, fire resistance 2, cold vulnerability 1, float, innate
caster, HP casting, extra vitality 1
a: no special abilities


You were on level 3 of the Dungeon.
You visited 1 branch of the dungeon, and saw 3 of its levels.

You collected 100 gold pieces.

Inventory:

Hand Weapons
 h - a +0 dagger of speed (weapon)
 s - a +0 dagger of freezing
Armour
 a - a +0 robe (worn)
 o - a +2 pair of gloves (worn)
 p - a +0 kite shield
Scrolls
 c - 5 scrolls of identify {unknown}
 d - 3 scrolls of amnesia {unknown}
 e - 2 scrolls of poison {unknown}
 f - a scroll of silence {unknown}
 i - 2 scrolls of magic mapping {unknown}
 k - 2 scrolls of enchant weapon {unknown}
 n - 2 scrolls of blinking {unknown}
 r - a scroll of acquirement {unknown}
Potions
 b - 2 potions of ambrosia {unknown}
 g - a potion of curing {unknown}
 j - a potion of cancellation {unknown}
 l - a potion of invisibility {unknown}
 m - a potion of degeneration {unknown}
 q - a potion of might {unknown}


   Skills:
 * Level 0.5 Fighting
 - Level 0.1 Short Blades
 - Level 2.1 Dodging
 - Level 1.5 Stealth
 + Level 0.0 Shields
 * Level 4.5 Spellcasting


You knew the following spells:

 Your Spells              Type           Power      Damage    Failure   Level
a - Magic Dart            Conj           92%        1d7       1%          1
b - Searing Ray           Conj           46%        2d6       2%          2
c - Dazzling Flash        Conj/Hex       46%        N/A       5%          3
d - Fulminant Prism       Conj/Hex       11%        3d9       17%         4
e - Iskenderun's Mystic   Conj/Tloc      23%        2d6       17%         4
f - Freeze                Ice            92%        1d9       1%          1
Your spell library was empty.

Dungeon Overview and Level Annotations

Branches:
Dungeon (3/15)

Altars:

Annotations:
D:3 Ijyb


Innate Abilities, Weirdness & Mutations

You are immune to sickness and miasma.
You are immune to poison.
Your flesh is very heat resistant. (rF++)
You are vulnerable to cold. (rC-)
You float through the air rather than walking.
You learn spells naturally, not from books.
Your magical power is your life essence.
You have superior vitality. (+4 MHP)


Message History

Casting: Magic Dart (safe; 1% risk of failure)
Confirm with . or Enter, or press ? or * to list all spells.
Aiming: Magic Dart (safe; 1% risk of failure)
Press: ? - help, Shift-Dir - straight line, f/p - jackal
Aim: a jackal (lightly wounded, 100% to hit)
The magic dart hits the jackal.
The jackal is heavily wounded.
Casting: Magic Dart (safe; 1% risk of failure)
Confirm with . or Enter, or press ? or * to list all spells.
Aiming: Magic Dart (safe; 1% risk of failure)
Press: ? - help, Shift-Dir - straight line, f/p - jackal
Aim: a jackal (heavily wounded, 100% to hit)
The magic dart hits the jackal.
You kill the jackal!
Casting: Magic Dart (safe; 1% risk of failure)
Confirm with . or Enter, or press ? or * to list all spells.
You can't see any susceptible monsters within range! (Use Z to cast anyway.)
You see here a jackal corpse.
You see here a +1 pair of gloves.
A jackal comes into view.
A jackal is nearby!
Casting: Magic Dart (safe; 1% risk of failure)
Confirm with . or Enter, or press ? or * to list all spells.
Aiming: Magic Dart (safe; 1% risk of failure)
Press: ? - help, Shift-Dir - straight line, f - jackal
Aim: a jackal (wandering, hasn't noticed you, 100% to hit)
The magic dart hits the jackal.
You kill the jackal!
i - 2 scrolls labelled MIXKOW BONOU (gained 1)
q - a brown potion
r - a scroll labelled EPNIPE DADO
Found a stone staircase leading up.
e - 2 scrolls labelled KEKHUI OPTI (gained 1)
A hobgoblin comes into view.
Casting: Magic Dart (safe; 1% risk of failure)
Confirm with . or Enter, or press ? or * to list all spells.
Aiming: Magic Dart (safe; 1% risk of failure)
Press: ? - help, Shift-Dir - straight line, f - hobgoblin
Aim: a hobgoblin (asleep, 100% to hit)
The magic dart hits the hobgoblin.
The hobgoblin is moderately wounded.
The hobgoblin shouts!
Casting: Magic Dart (safe; 1% risk of failure)
Confirm with . or Enter, or press ? or * to list all spells.
Aiming: Magic Dart (safe; 1% risk of failure)
Press: ? - help, Shift-Dir - straight line, f/p - hobgoblin
Aim: a hobgoblin (moderately wounded, 100% to hit)
The magic dart hits the hobgoblin.
The hobgoblin is severely wounded.
Casting: Magic Dart (safe; 1% risk of failure)
Confirm with . or Enter, or press ? or * to list all spells.
Aiming: Magic Dart (safe; 1% risk of failure)
Press: ? - help, Shift-Dir - straight line, f/p - hobgoblin
Aim: a hobgoblin (severely wounded, 100% to hit)
The magic dart hits the hobgoblin.
You kill the hobgoblin!
b - 2 fuming sapphire potions (gained 1) Ijyb the Twisted Goblin comes into view.
She is wielding a +0 dagger and carrying a wand of iceblast (9).
Found 16 gold pieces.
Ijyb shouts!
Casting: Magic Dart (safe; 1% risk of failure)
Confirm with . or Enter, or press ? or * to list all spells.
Aiming: Magic Dart (safe; 1% risk of failure)
Press: ? - help, Shift-Dir - straight line, f - Ijyb
Aim: Ijyb, wielding a +0 dagger, wearing a +0 scale mail and carrying a wand of iceblast (9) (100% to hit)
The magic dart hits Ijyb.
Ijyb is lightly wounded.
Casting: Magic Dart (safe; 1% risk of failure)
Confirm with . or Enter, or press ? or * to list all spells.
The spell is extremely dangerous to miscast (17% risk of failure)!
Continue anyway? [Y]es or [N]o only, please.
The spell is extremely dangerous to miscast (17% risk of failure)!
Continue anyway?
Aiming: Fulminant Prism (extremely dangerous; 17% risk of failure)
Press: ? - help, Dir - move target, p - Ijyb You conjure a prism of explosive energy!
A fulminant prism comes into view.
Ijyb zaps a wand.
The mass of ice explodes!
The iceblast engulfs you!!
You feel a painful chill!
Ouch! That really hurt!
* * * LOW HITPOINT WARNING * * *
You hear a shout!
An orc comes into view. It is wielding a +0 short sword.
Your fulminant prism crackles loudly.
Your fulminant prism explodes!
The blast of energy engulfs Ijyb.
Ijyb is lightly wounded.
The blast of energy engulfs the orc!
You kill the orc!
Ijyb zaps a wand.
The mass of ice explodes!
The iceblast engulfs you!
You feel a painful chill!
* * * LOW HITPOINT WARNING * * *
Casting: Fulminant Prism (extremely dangerous; 17% risk of failure)
Confirm with . or Enter, or press ? or * to list all spells.
The spell is extremely dangerous to miscast (17% risk of failure)!
Continue anyway?
Aiming: Fulminant Prism (extremely dangerous; 17% risk of failure)
Press: ? - help, Dir - move target You miscast Fulminant Prism.
You are very lightly contaminated with residual magic.
Sparks fly from your hands!
You die...

#####
#######...############
#............@.....g.#
#.#####...##########.#
#.# ##### #.# ##.# #.#
#..# #.# #.## #.# #.#
####g# #.# #....#
##.####### #.####


You could see Ijyb.

Vanquished Creatures
  Terence (D:3)
  2 adders (D:2)
  2 dart slugs
  An orc (D:3)
  3 bats
  5 endoplasms
  3 goblins
  6 hobgoblins
  2 jackals (D:3)
  4 kobolds
  2 quokkas
  A ball python (D:2)
  2 frilled lizards (D:2)
  5 rats
39 creatures vanquished.

Vanquished Creatures (others)
  A fulminant prism (D:3)
1 creature vanquished.

Grand Total: 40 creatures vanquished

Notes
Turn   | Place    | Note
-------+----------+-------------------------------------------
     0 | D:1      | RascalDebosk the Djinni Conjurer began the quest for the
                  | Orb.
     0 | D:1      | RascalDebosk set off with the following spells memorised:
                  | Magic Dart, Searing Ray, Dazzling Flash, Fulminant Prism,
                  | Iskenderun's Mystic Blast.
     0 | D:1      | Reached XP level 1. HP: 15/15 MP: 0/0
   396 | D:1      | Reached XP level 2. HP: 21/21 MP: 0/0
   814 | D:2      | Reached XP level 3. HP: 20/25 MP: 0/0
   814 | D:2      | Learned a level 1 spell: Freeze
   859 | D:2      | Reached skill level 4 in Spellcasting
  1193 | D:2      | Reached XP level 4. HP: 28/31 MP: 0/0
  1721 | D:3      | Noticed Terence
  1740 | D:3      | Killed Terence
  2030 | D:3      | Noticed Ijyb
  2050 | D:3      | Killed by miscasting Fulminant Prism

Illustrated notes

Levels and vault maps discovered:
D:1:      dpeg_arrival_erosion, layout_basic
D:2:      layout_basic, minmay_tripent
D:3:      layout_loops_ring, nicolae_wu_jian_wuxing_cycle, serial_bayou_pond_d,
          uniq_ijyb, uniq_terence

Skill      XL: |  1  2  3 |
---------------+----------+-----
Spellcasting   | 4 |  4.5
Fighting       | |  0.5
Short Blades   | |  0.1
Dodging        | |  2.1
Stealth        | |  1.5

Action                     |  1- 3 |  4- 6 || total
---------------------------+-------+-------++-------
  Melee: Dagger            |     3 |       ||     3
   Cast: Magic Dart        |    54 |    25 ||    79
         Searing Ray       |     1 |     1 ||     2
         Iskenderun's Myst |       |     2 ||     2
         Fulminant Prism   |       |     1 ||     1
 Armour: Robe              |       |     2 ||     2
  Dodge: Dodged            |     2 |     6 ||     8
